Map: Lightshade LE

Players

MaSa - Winner!

  • Race: Terran Terran

Epic

  • Race: Terran Terran

Event: DreamHack SC2 Masters 2021 Fall

VOD

Have the link to the VOD?

Description

Time

  • Played on: Aug. 8, 2021, 3:28 p.m.
  • Length: 9:04

All games in this series

Show
View Real Time Build Order
Export as new Build Order

MaSa Terran - Winner!

Build Orders:  

Get SALT Encoding   

  12  0:00  SCV  
  13  0:12  SCV  
  14  0:17  Supply Depot  
  14  0:24  SCV  
  15  0:38  SCV, Barracks  
  16  0:44  Refinery  
  16  0:49  Refinery  
  16  0:52  SCV  
  17  1:04  SCV  
  18  1:16  SCV  
  19  1:25  Reaper  
  19  1:28  Orbital Command  
  20  1:33  Supply Depot  
  20  1:43  Factory  
  20  1:54  SCV  
  20  1:58  Reaper  
  22  2:06  SCV  
  23  2:18  SCV  
  24  2:26  Command Center  
  24  2:28  Hellion  
  26  2:30  Reaper  
  26  2:33  SCV  
  28  2:45  Supply Depot  
  28  2:48  Starport  
  28  2:54  Hellion  
  28  2:56  SCV  
  31  3:03  Barracks Reactor  
  30  3:08  SCV  
  29  3:21  SCV, Factory Tech Lab  
  29  3:26  Starport Tech Lab  
  30  3:32  Refinery  
  30  3:33  SCV  
  31  3:44  Orbital Command  
  31  3:45  SCV  
  32  3:56  Marine x2  
  32  3:57  SCV, Cyclone  
  32  4:02  Viking  
  40  4:09  SCV  
  41  4:22  SCV  
  41  4:24  Marine x2  
  38  4:29  Siege Tank  
  42  4:33  Raven  
  42  4:35  SCV x2  
  45  4:42  Marine x2  
  46  4:47  SCV  
  46  4:51  Supply Depot  
  47  4:54  Starport  
  47  5:01  SCV x2  
  49  5:07  Siege Tank  
  49  5:13  SCV x2  
  54  5:19  Refinery  
  56  5:25  SCV  
  57  5:28  SCV  
  56  5:37  SCV  
  56  5:40  Viking x2  
  61  5:43  Supply Depot  
  61  5:44  Supply Depot  
  61  5:45  Viking, SCV  
  64  5:50  Marine  
  64  5:53  SCV, Supply Depot  
  66  5:57  SCV  
  66  6:00  Supply Depot  
  67  6:10  Viking  
  69  6:12  Viking  
  69  6:16  Viking  
  72  6:24  SCV  
  66  6:26  SCV  
  60  6:36  SCV  
  60  6:39  Siege Tank  
  64  6:40  SCV, Viking  
  64  6:42  Liberator  
  69  6:48  SCV  
  69  6:53  SCV  
  68  6:56  Marine, Liberator  
  68  7:00  SCV  
  73  7:05  SCV  
  74  7:12  SCV, Command Center  
  74  7:14  Marine  
  76  7:16  Siege Tank  
  76  7:20  SCV  
  80  7:25  SCV, Supply Depot  
  80  7:26  Viking  
  83  7:31  Viking  
  83  7:33  Marine  
  83  7:35  SCV  
  87  7:40  Supply Depot  
  87  7:48  Siege Tank  
  90  7:51  Marine  
  90  7:53  SCV x2  
  82  8:11  SCV  
  78  8:20  Siege Tank  
  78  8:21  SCV  
  78  8:25  SCV  
  81  8:38  SCV x2  
  82  8:41  Barracks  
  82  8:42  Barracks  
  82  8:43  Barracks x2  
  82  8:50  SCV  
  87  9:00  Engineering Bay  
  87  9:02  Engineering Bay  
Show
View Real Time Build Order
Export as new Build Order

Epic Terran 

Build Orders:  

Get SALT Encoding   

  12  0:00  SCV  
  13  0:12  SCV  
  14  0:17  Supply Depot  
  14  0:25  SCV  
  15  0:38  SCV  
  15  0:40  Barracks  
  16  0:43  Refinery  
  16  0:51  SCV  
  16  0:53  Refinery  
  17  1:03  SCV  
  18  1:15  SCV  
  19  1:27  Reaper, Orbital Command  
  20  1:33  Supply Depot  
  20  1:43  Factory  
  20  1:52  SCV  
  21  1:59  Reaper  
  22  2:05  SCV  
  23  2:17  SCV  
  23  2:19  Command Center  
  24  2:27  Hellion  
  24  2:29  SCV  
  27  2:35  Supply Depot  
  27  2:38  Barracks Reactor  
  27  2:41  SCV  
  28  2:47  Starport  
  28  2:49  Factory Tech Lab  
  28  2:53  SCV  
  29  3:05  SCV  
  33  3:12  Siege Tank  
  33  3:17  Marine x2, SCV  
  34  3:28  Refinery  
  34  3:29  SCV  
  34  3:30  Medivac  
  34  3:31  Orbital Command  
  37  3:34  Marine x2  
  39  3:41  SCV  
  40  3:53  Siege Tank  
  40  3:55  Marine, SCV  
  39  3:56  Marine  
  39  3:57  SCV  
  42  4:12  SCV x2  
  37  4:25  SCV x2  
  37  4:29  Viking x2  
  41  4:37  SCV x2  
  42  4:44  Siege Tank  
  45  4:49  Supply Depot  
  45  4:50  SCV  
  45  4:52  SCV  
  47  5:02  SCV  
  47  5:04  SCV  
  49  5:08  Viking  
  49  5:13  Viking  
  53  5:16  SCV  
  53  5:18  SCV  
  55  5:24  Marine  
  55  5:28  Siege Tank  
  59  5:30  SCV x2  
  59  5:34  Supply Depot  
  61  5:49  SCV  
  62  5:50  Supply Depot  
  62  5:55  Viking, Liberator, SCV  
  68  5:58  Supply Depot  
  68  6:07  SCV x2  
  68  6:11  Marine, Siege Tank  
  58  6:33  Barracks Tech Lab  
  58  6:34  SCV x2  
  59  6:43  Command Center  
  56  6:47  Viking x2  
  56  6:51  SCV x2  
  56  6:54  Marine  
  53  6:58  Stimpack  
  53  7:05  SCV x2  
  53  7:07  Siege Tank  
  58  7:12  Marine  
  59  7:17  Refinery, SCV  
  59  7:19  Viking  
  59  7:22  Viking  
  64  7:24  SCV  
  65  7:30  Marine  
  65  7:31  SCV  
  67  7:37  Barracks  
  67  7:38  SCV  
  67  7:39  Barracks  
  67  7:42  Siege Tank  
  69  7:52  Marine, SCV x2  
  69  7:54  Command Center  
  69  7:57  Viking x2  
  70  8:08  SCV x2  
  70  8:12  Marine  
  63  8:16  Siege Tank  
  60  8:23  SCV x2  
  60  8:27  Viking x2  
  60  8:31  Marine x3  

Tags
 
Add a new tag
Caveats
  • Supply blocks, unpowered buildings, or Contaminate may cause inaccurate times.
  • Supply counts are checked every 10 seconds.